 Dungeon Crawl Stone Soup version 0.26.1-11-gd32895ea62 (webtiles) character file.

Game seed: 217106056533645044

536 Zeld the Cutter (level 7, -1/45 HPs)
             Began as an Octopode Brigand on May 14, 2021.
             Splashed by a jelly's acid (9 damage)
             ... on level 5 of the Dungeon.
             The game lasted 00:03:32 (5374 turns).

Zeld the Cutter (Octopode Brigand)                  Turns: 5374, Time: 00:03:34

Health: -1/45      AC: -19   Str: 13    XL:     7   Next: 25%
Magic:  12/12      EV: 13    Int: 13    God:
Gold:   180        SH:  0    Dex: 13    Spells: 13/13 levels left

rFire    . . .     SeeInvis .   a - +2 dagger
rCold    . . .     Faith    .   (no shield)
rNeg     . . .     Spirit   .   (helmet restricted)
rPois    .         Reflect  .   (no amulet)
rElec    .         Harm     .   (no ring)
rCorr    .         Rampage  .   (no ring)
Will     .....                  (no ring)
Stlth    ++++......             (no ring)
HPRegen  0.15/turn              (no ring)
MPRegen  0.13/turn              (no ring)
                                (no ring)
                                (no ring)

@: corroded
A: almost no armour, stealthy swim, amphibious, 8 rings, constrict 8, camouflage
1, gelatinous body 1
a: no special abilities


You were on level 5 of the Dungeon.
You visited 1 branch of the dungeon, and saw 5 of its levels.

You collected 180 gold pieces.

Inventory:

Hand Weapons
 a - a +2 dagger (weapon)
Missiles
 b - 19 poisoned darts (quivered)
 c - 2 curare-tipped darts
Armour
 t - a +2 hat
Jewellery
 d - an uncursed ring of ice {unknown}
 h - a cursed ring of teleportation {unknown}
 s - an uncursed amulet of the acrobat {unknown}
 u - an uncursed ring of ice {unknown}
Wands
 o - a wand of acid (3)
 p - a wand of flame (11)
Scrolls
 f - a scroll of random uselessness {unknown}
 g - 2 scrolls of identify {unknown}
 m - a scroll of immolation {unknown}
 q - 2 scrolls of fear {unknown}
 r - 2 scrolls of amnesia {unknown}
 x - a scroll of magic mapping {unknown}
Potions
 e - 2 potions of flight {unknown}
 i - a potion of curing {unknown}
 j - 4 potions of haste {unknown}
 k - 2 potions of lignification {unknown}
 l - a potion of attraction {unknown}
 n - 2 potions of cancellation {unknown}
 v - a potion of degeneration {unknown}
 w - a potion of magic {unknown}
 z - a potion of might


   Skills:
 - Level 2.0 Fighting
 * Level 6.4 Short Blades
 - Level 2.0 Throwing
 - Level 1.0 Dodging
 - Level 5.3 Stealth
 + Level 3.6 Spellcasting


You had 13 spell levels left.
You didn't know any spells.
Your spell library contained the following spells:

 Spells                   Type           Power        Failure   Level
 Corona                   Hex            2%           22%         1
 Ensorcelled Hibernation  Hex/Ice        4%           32%         2
 Confusing Touch          Hex            2%           54%         3
 Dazzling Flash           Conj/Hex       4%           54%         3
 Tukima's Dance           Hex            2%           54%         3


Dungeon Overview and Level Annotations

Branches:
Dungeon (5/15)
 Temple: D:4-7

Altars:
Okawaru


Innate Abilities, Weirdness & Mutations

You cannot wear most types of armour.
You are very stealthy in the water. (Stealth+)
You are amphibious.
You can wear up to eight rings at the same time.
You can use your tentacles to constrict eight enemies at once.
Your skin changes colour to match your surroundings (Stealth+).
Your rubbery body absorbs attacks. (AC +1, EV +1)


Message History

You hit the jelly. The acid corrodes you!
Your tentacles burn!
The jelly is lightly wounded.
The jelly hits you.
You are splashed with acid.
You are too injured to fight recklessly!
You are too injured to fight recklessly!
You are too injured to fight recklessly!
You hit the jelly but do no damage. The acid corrodes you!
Your tentacles burn!
You squeeze the jelly, but do no damage.
The jelly is lightly wounded.
You barely miss the jelly.
The jelly is lightly wounded.
The jelly hits you.
You are splashed with acid!
* * * LOW HITPOINT WARNING * * *
You hit the jelly but do no damage. The acid corrodes you!
Your tentacles burn!
* * * LOW HITPOINT WARNING * * *
The jelly is lightly wounded.
The jelly hits you.
* * * LOW HITPOINT WARNING * * *
The acid corrodes you!
You are splashed with acid!
You die...

#.. .>.. ......... #.### ##.#
#.#####.# ....###..# #.#
.........################.#####.#
....###.........?................
....#..........#........ .#####.#
....#.#.######$#.##############.#
#'#.#.#.# #..................#
#.#.# #.######..@##.........#####
..#.# #.##.......J'..<......#
###.#.#.#.........#.........#
......#.#.....#...#.........#
...####.#.....#..........####
........#.....#.#........#
...######.....#.########)##
........#.....#...........#
....#<..#....^##########..#


You could see a jelly.

Vanquished Creatures
  Duvessa (D:5)
  Dowan (D:5)
  2 hounds (D:4)
  A centaur skeleton (D:5)
  Crazy Yiuf (D:3)
  A bullfrog skeleton (D:5)
  An iguana (D:5)
  Terence (D:3)
  9 adders
  An ufetubus (D:5)
  3 worms
  4 dart slugs
  3 leopard geckos
  6 orcs
  2 giant cockroaches
  11 goblins
  8 hobgoblins
  4 quokkas
  2 ball pythons
  6 bats
  6 frilled lizards
  6 kobolds
  7 rats
87 creatures vanquished.

Vanquished Creatures (others)
  A fungus (D:3)
1 creature vanquished.

Grand Total: 88 creatures vanquished

Notes
Turn   | Place    | Note
-------+----------+-------------------------------------------
     0 | D:1      | Zeld the Octopode Brigand began the quest for the Orb.
     0 | D:1      | Reached XP level 1. HP: 14/14 MP: 1/1
   259 | D:1      | Reached XP level 2. HP: 19/19 MP: 2/2
   427 | D:1      | Reached skill level 1 in Spellcasting
   674 | D:1      | Reached skill level 3 in Short Blades
   674 | D:1      | Reached XP level 3. HP: 24/24 MP: 4/4
  1364 | D:2      | Reached XP level 4. HP: 29/29 MP: 6/6
  1824 | D:3      | Reached skill level 4 in Short Blades
  2280 | D:3      | Noticed Terence
  2294 | D:3      | HP: 1/29 [Terence/+0 hand axe (6)]
  2297 | D:3      | Killed Terence
  2298 | D:3      | Reached XP level 5. HP: 2/34 MP: 8/8
  2809 | D:3      | Found an iron altar of Okawaru.
  2994 | D:3      | Found a runed translucent door.
  2995 | D:3      | Noticed Crazy Yiuf
  3129 | D:3      | Killed Crazy Yiuf
  3659 | D:4      | Reached skill level 5 in Short Blades
  3659 | D:4      | Reached XP level 6. HP: 23/39 MP: 8/10
  4125 | D:5      | Entered Level 5 of the Dungeon
  4532 | D:5      | Noticed Duvessa
  4533 | D:5      | Noticed Dowan
  4565 | D:5      | Killed Duvessa
  4566 | D:5      | Reached skill level 6 in Short Blades
  4566 | D:5      | Reached XP level 7. HP: 33/45 MP: 10/12
  4822 | D:5      | Killed Dowan
  5374 | D:5      | Splashed by a jelly's acid

Illustrated notes

Levels and vault maps discovered:
D:1:      ncdulo_smallfort, layout_basic
D:2:      layout_loops_ring
D:3:      layout_rooms, dk_noncrumbling_4, minmay_misc_feat_columns,
          minmay_tree_intersection, okawaru_trees_2, uniq_crazy_yiuf_cottage,
          uniq_terence
D:4:      layout_basic
D:5:      layout_basic, uniq_duvessa

Skill      XL: |  1  2  3  4  5  6 |
---------------+-------------------+-----
Spellcasting   | 1 2 3 |  3.6
Short Blades   | 3 4 5 6 |  6.4
Fighting       | |  2.0
Throwing       | |  2.0
Dodging        | |  1.0
Stealth        | |  5.3

Action                   |  1- 3 |  4- 6 |  7- 9 || total
-------------------------+-------+-------+-------++-------
Melee: Dagger            |    61 |   110 |    21 ||   192
       Constrict         |    15 |    27 |     2 ||    44
       Tentacles         |     5 |    18 |     4 ||    27
Throw: Dart              |       |    15 |     3 ||    18
Evoke: Wand              |       |       |     1 ||     1
 Stab: Sleeping          |    15 |    13 |     1 ||    29
Armor: Skin              |     2 |     3 |     1 ||     6
Dodge: Dodged            |    20 |    47 |    10 ||    77
